 Dungeon Crawl Stone Soup version 0.26-a0-639-g72c4674329 (webtiles) character file.

Game seed: 11423386238076637242

9 Alarkh the Insei (level 2, 13/22 HPs)
             Began as a Demonspawn Gladiator on Sept 17, 2020.
             Got out of the dungeon alive.
             The game lasted 00:00:16 (216 turns).

Alarkh the Insei (Demonspawn Gladiator)              Turns: 216, Time: 00:00:18

Health: 13/22      AC:  6    Str: 14    XL:     2   Next: 6%
Magic:  2/2        EV: 12    Int:  9    God:
Gold:   12         SH:  0    Dex: 14    Spells: 1/1 levels left

rFire    . . .     SeeInvis .     - Unarmed
rCold    . . .     Faith    .   (no shield)
rNeg     . . .     Spirit   .   a - +0 leather armour
rPois    .         Reflect  .   b - +0 helmet
rElec    .         Harm     .   (no cloak)
rCorr    .         Rampage  .   (no gloves)
MR       .....                  (no boots)
Stlth    +.........             (no amulet)
HPRegen  0.07/turn              (no ring)
MPRegen  0.08/turn              (no ring)

@: no status effects
A: yellow scales 1
a: no special abilities


You escaped.
You visited 1 branch of the dungeon, and saw 1 of its levels.

You collected 12 gold pieces.

Inventory:

Missiles
 c - 3 throwing nets (quivered)
Armour
 a - a +0 leather armour (worn)
 b - a +0 helmet (worn)


   Skills:
 + Level 2.2 Fighting
 - Level 1.7 Throwing
 - Level 2.6 Dodging
 * Level 3.1 Unarmed Combat


You had one spell level left.
You didn't know any spells.
Your spell library was empty.

Dungeon Overview and Level Annotations

Branches:
Dungeon (1/15)

Altars:


Innate Abilities, Weirdness & Mutations

You are partially covered in yellow scales. (AC +2)


Message History

Your demonic ancestry asserts itself...
Yellow scales grow over part of your body.
You enter the shallow water.
Moving in this stuff is going to be slow.
You see here 15 stones.
A rat comes into view.
You can't go up here!
A rat is nearby!
You are too injured to fight recklessly!
You are too injured to fight recklessly!
You are too injured to fight recklessly!
Unknown command.
You are too injured to fight recklessly!
You closely miss the rat. The rat bites you but does no damage.
You closely miss the rat. The rat barely misses you.
You hit the rat.
You kill the rat!
There is a staircase leading out of the dungeon here.
Are you sure you want to leave the Dungeon?
This will make you lose the game!
You have escaped!

####### ###.....###
##.........#######
##...#####........## #
#...##...##...#....# # .
#......@..#...#....# # ..
#...##...##...#....#
######...##...#####...##...##
.....#....##.... #...##....#
.†...##....###...#.###....##
..(...##.....#######.....##
###....###.............###
..##.....####.......####
#..##.......###.#####


There were no monsters in sight!

Vanquished Creatures
  A bat (D:1)
  A giant cockroach (D:1)
  A goblin (D:1)
  2 hobgoblins (D:1)
  A kobold (D:1)
  2 rats (D:1)
8 creatures vanquished.

Vanquished Creatures (others)
  A plant (D:1)
1 creature vanquished.

Grand Total: 9 creatures vanquished

Notes
Turn   | Place    | Note
-------+----------+-------------------------------------------
     0 | D:1      | Alarkh the Demonspawn Gladiator began the quest for the
                  | Orb.
     0 | D:1      | Reached XP level 1. HP: 16/16 MP: 1/1
   107 | D:1      | Reached skill level 3 in Unarmed Combat
   136 | D:1      | Gained mutation: You are partially covered in yellow
                  | scales. (AC +2) [demonic ancestry]
   136 | D:1      | Reached XP level 2. HP: 7/22 MP: 2/2
   216 | D:$      | Got out of the dungeon alive.

Illustrated notes

Levels and vault maps discovered:
D:1:      dpeg_arrival_circle_labyrinth_c, layout_basic,
          hangedman_abyss_or_decor_lesser_grid, serial_bayou_ford_a

Skill      XL: |  1 |
---------------+----+-----
Unarmed Combat | 3 |  3.1
Fighting       | |  2.2
Throwing       | |  1.7
Dodging        | |  2.6

Action                   || total
-------------------------++-------
Melee: Unarmed           ||    45
Armor: Leather armour    ||    28
Dodge: Dodged            ||    35

Table legend: (Time is in decaauts)
 A = Elapsed time spent in this place.
 B = Non-inter-level travel time spent in this place.
 C = Inter-level travel time spent in this place.
 D = Time resting spent in this place.
 E = Time spent auto-exploring this place.
 F = Levels seen in this place.
 G = Mean time per level.
                   A        B        C        D        E       F      G
               +--------+--------+--------+--------+--------+-----+--------+
         Total |    217 |    145 |     72 |      0 |     66 |   1 |  217.0 |
       Dungeon |    217 |    145 |     72 |      0 |     66 |   1 |  217.0 |
               +--------+--------+--------+--------+--------+-----+--------+

Top non-repeatable levels by time:
     D:1: 217 daAuts
